[Event "Late-Titled-Tuesday-Blitz-February-20-2024"]
[Site "Chess.com"]
[Date "2024.02.20"]
[Round "1"]
[White "Malev212"]
[Black "AsaHoffmann"]
[Result "1-0"]
[WhiteElo "2695"]
[BlackElo "2370"]
[TimeControl "180+1"]
[EndTime "14:05:43 PST"]
[Termination "Malev212 won by resignation"]

1. e4 d6 2. d4 c6 3. Nc3 a6 4. f4 d5 5. e5 h5 6. Nf3 Bg4 7.
Be3 e6 8. h3 Bxf3 9. Qxf3 g6 10.
Bd3 h4 11. Ne2 Qc7 12. O-O c5 13. c4 dxc4 14. Be4 Nc6 15. d5 exd5 16. Bxd5 Nge7 17. Nc3 Nf5 18. Bxc4 Ncd4 19. Bxd4 Nxd4 20. Qg4 Be7 21. Nd5 Qc8 22. f5 gxf5 23. Qg7 Rf8 24. Rae1 b5 25. Nf6+ Kd8 26. Bd5 Ra7 27. Bxf7 Bxf6 28.
Qxf8+ Kc7 29. Qd6+ Kb7 30. Bd5+ Nc6 31. exf6 1-0

[Event "Late-Titled-Tuesday-Blitz-February-20-2024"]
[Site "Chess.com"]
[Date "2024.02.20"]
[Round "1"]
[White "pooh2012"]
[Black "olawsson"]
[Result "1-0"]
[WhiteElo "2547"]
[BlackElo "2142"]
[TimeControl "180+1"]
[EndTime "14:05:43 PST"]
[Termination "pooh2012 won on time"]

1. d4 d6 2. Nf3 g6 3. h4 Bg4 4. c3 Nf6 5. Qb3 Bxf3 6. gxf3 b6 7. e4 d5 8. e5 Nh5 9. f4 e6 10. c4 Be7 11. cxd5 exd5 12. Nc3 c6 13. Be2 Ng7 14. h5 gxh5 15. Qc2 Qd7 16. Rg1 Nf5 17. Qd3 a5 18.
Bxh5 Na6 19. Bg4 1-0

[Event "Late-Titled-Tuesday-Blitz-February-20-2024"]
[Site "Chess.com"]
[Date "2024.02.20"]
[Round "1"]
[White "KVAIDAN"]
[Black "Alphafischer2019"]
[Result "1-0"]
[WhiteElo "2376"]
[BlackElo "2662"]
[TimeControl "180+1"]
[EndTime "14:05:46 PST"]
[Termination "KVAIDAN won by resignation"]

1. f4 Nf6 2. Nf3 d5 3. e3 Bf5 4. b3 e6 5. Bb2 Be7 6. Be2 h6 7. O-O O-O 8. Ne5 Nfd7 9. d3 Nxe5 10. fxe5 Bg5 11. Rf3 Nd7 12. Nd2 c6 13. e4 dxe4 14. Nxe4 Bxe4 15. dxe4 Nc5 16. Bd3 Qb6 17. Kh1 Rad8 18. Qe2 Nd7 19. Raf1 Qa5 20. Qf2 f6 21.
exf6 Bxf6 22. Bxf6 Rxf6 23. Rxf6 Nxf6 24. Bc4 Qe5 25. Qxa7 Qxe4 26. Qxb7 Re8 27. a4 Qe5 28. a5 Ng4 29. Qf7+ Kh7 30. Bd3+ 1-0

[Event "Late-Titled-Tuesday-Blitz-February-20-2024"]
[Site "Chess.com"]
[Date "2024.02.20"]
[Round "1"]
[White "Boundless_Strike"]
[Black "STAYFlow"]
[Result "1-0"]
[WhiteElo "2637"]
[BlackElo "2326"]
[TimeControl "180+1"]
[EndTime "14:05:46 PST"]
[Termination "Boundless_Strike won on time"]

1. d4 d5 2. e4 dxe4 3. Nc3 e5 4.
Qh5 Nf6 5. Qxe5+ Be7 6. Bb5+ Bd7 7. Be3 O-O 8. O-O-O Bd6 9. Qg5 Nc6 10. Nh3 Re8 11.
Qh4 Nb4 12. Bg5 Nxa2+ 13. Nxa2 Bxb5 14. Nc3 Bc4 15. Rhe1 Be7 16. d5 Qd6 17. Rd4 b5 18. Nxe4 Nxe4 19. Rdxe4 Bxg5+ 20. Nxg5 Rxe4 21. Qxh7+ Kf8 22. Qh8+ 1-0

[Event "Late-Titled-Tuesday-Blitz-February-20-2024"]
[Site "Chess.com"]
[Date "2024.02.20"]
[Round "1"]
[White "SocoLoco"]
[Black "Mesa_1"]
[Result "0-1"]
[WhiteElo "2199"]
[BlackElo "2564"]
[TimeControl "180+1"]
[EndTime "14:05:51 PST"]
[Termination "Mesa_1 won by resignation"]

1. e4 c5 2. Nf3 e6 3. d3 Nc6 4. g3 g6 5. Bg2 Bg7 6. O-O Nge7 7. c3 e5 8. Qc2 O-O 9. a4 h6 10. Re1 d6 11. Na3 f5 12. Nc4 f4 13. d4 cxd4 14. cxd4 fxg3 15. hxg3 Bg4 16. Qb3 Kh7 17. dxe5 Bxf3 18.
Bxf3 Nd4 19. Qxb7 Nxf3+ 20. Kf1 Nxe1 21. exd6 Ng8 22. Kxe1 Rc8 23. Qd5 Nf6 24. Qd3 Nxe4 25. d7 Rxc4 26. Qxc4 Qa5+ 27. b4 Qe5 28. Ra2 Nxg3+ 29. Kd1 Ne4 30. Bb2 Qd6+ 31. Ke2 Qd2+ 0-1

[Event "Late-Titled-Tuesday-Blitz-February-20-2024"]
[Site "Chess.com"]
[Date "2024.02.20"]
[Round "1"]
[White "LyonBeast"]
[Black "kleopl"]
[Result "1-0"]
[WhiteElo "3158"]
[BlackElo "2516"]
[TimeControl "180+1"]
[EndTime "14:05:52 PST"]
[Termination "LyonBeast won by checkmate"]

1. e4 c5 2. Nf3 d6 3. Bc4 Nf6 4. d3 e6 5. Bb3 Nc6 6. c3 b5 7. O-O Bb7 8. Re1 Be7 9. d4 O-O 10.
Bg5 Nd7 11. Be3 a5 12. a4 b4 13. Nbd2 bxc3 14. bxc3 cxd4 15. cxd4 Nb4 16. Bc4 d5 17. exd5 Bxd5 18. Rc1 Bxc4 19. Nxc4 Nb6 20. Nxb6 Qxb6 21. d5 Qa6 22. dxe6 Nd3 23. exf7+ Rxf7 24. Qb3 Nxc1 25. Rxc1 Bf6 26. Rc7 Rf8 27. Bc5 Bd8 28. Rd7 Qf6 29.
Ne5 Qxe5 30. Qxf7+ Rxf7 31. Rxd8+ Rf8 32. Rxf8# 1-0

[Event "Late-Titled-Tuesday-Blitz-February-20-2024"]
[Site "Chess.com"]
[Date "2024.02.20"]
[Round "1"]
[White "Christ_is_alive"]
[Black "marcodobrikov"]
[Result "1-0"]
[WhiteElo "2276"]
[BlackElo "2586"]
[TimeControl "180+1"]
[EndTime "14:05:52 PST"]
[Termination "Christ_is_alive won by checkmate"]

1. e4 e5 2. Nf3 d6 3. d4 Nd7 4. Nc3 Ngf6 5. Bc4 Be7 6. O-O O-O 7. Re1 c6 8. a4 a6 9. h3 Qc7 10. b3 h6 11. Ba3 Re8 12. Qd2 b5 13. Bd3 Bb7 14.
dxe5 dxe5 15. Bxe7 Rxe7 16. Nh4 Nc5 17. Nf5 Rd7 18.
Nxh6+ gxh6 19. Qxh6 Nh7 20. Re3 f6 21. Be2 b4 22.
Bg4 bxc3 23. Bxd7 Qxd7 24. Rg3+ Kh8 25. Kh2 Nxe4 26. Rd1 Qf7 27. Rg6 Bc8 28. Rd8+ Qe8 29. Rxe8# 1-0

[Event "Late-Titled-Tuesday-Blitz-February-20-2024"]
[Site "Chess.com"]
[Date "2024.02.20"]
[Round "1"]
[White "ChessLebaneseSalah"]
[Black "vovachesss"]
[Result "0-1"]
[WhiteElo "2416"]
[BlackElo "2797"]
[TimeControl "180+1"]
[EndTime "14:05:53 PST"]
[Termination "vovachesss won by checkmate"]

1. e4 c5 2. Nf3 e6 3. d4 cxd4 4. Nxd4 a6 5. Nc3 b5 6. Be3 Bb7 7. a3 Qc7 8. Bd3 Nf6 9. O-O Nc6 10. Qf3 Bd6 11. h3 Bh2+ 12. Kh1 Be5 13. Nce2 O-O 14.
c3 d5 15. exd5 Nxd5 16. Qe4 f5 17. Qh4 Nxd4 18. Nxd4 Bf6 19. Qh5 Nxe3 20. fxe3 Rae8 21. Nxe6 Qg3 22. Nf4 g6 23. Qd1 Rxe3 24. Qd2 Be5 25. Qf2 Bxf4 26. Qxf4 Qxg2# 0-1

[Event "Late-Titled-Tuesday-Blitz-February-20-2024"]
[Site "Chess.com"]
[Date "2024.02.20"]
[Round "1"]
[White "jlf287"]
[Black "NathanHoover"]
[Result "1-0"]
[WhiteElo "2522"]
[BlackElo "1910"]
[TimeControl "180+1"]
[EndTime "14:05:56 PST"]
[Termination "jlf287 won on time"]

1. d4 d5 2. Bf4 c5 3. e3 Nf6 4. Nf3 Nc6 5. c3 Qb6 6. Qb3 c4 7. Qc2 Bf5 8. Qc1 e6 9. Nbd2 Be7 10. Be2 O-O 11. h3 h6 12. O-O a5 13. Bd1 a4 14. a3 Qb5 15. Bc2 Bxc2 16. Qxc2 Na5 17.
Rab1 Nb3 18. e4 dxe4 19. Nxe4 Qd5 20. Rfe1 Nxe4 21. Qxe4 Qxe4 22. Rxe4 Rfd8 23. Rbe1 Rd5 24. Ne5 Rc8 25. g4 g5 26. Bg3 Kg7 27. f4 gxf4 28.
Bxf4 Bg5 29. Bxg5 hxg5 30. Rf1 Rc7 31. Re2 f6 32. Nf3 Rd6 33. Kg2 Rc8 34. Kg3 Rh8 35. Rfe1 Kf7 36. d5 e5 37. Nxe5+ fxe5 38. Rxe5 Kf6 39.
Rf5+ Kg6 40. Ree5 Nc5 41. Rxg5+ Kf7 42. Ref5+ Ke8 43. Rg7 b6 44. Ra7 1-0

[Event "Late-Titled-Tuesday-Blitz-February-20-2024"]
[Site "Chess.com"]
[Date "2024.02.20"]
[Round "1"]
[White "rdarruda"]
[Black "DonJuanEGenaro"]
[Result "0-1"]
[WhiteElo "2521"]
[BlackElo "2103"]
[TimeControl "180+1"]
[EndTime "14:05:59 PST"]
[Termination "DonJuanEGenaro won by checkmate"]

1. Nf3 d5 2. d4 Nf6 3. c4 e6 4. Nc3 c5 5. e3 Nc6 6. Bd3 Bd6 7. O-O O-O 8. b3 Re8 9. Bb2 cxd4 10. exd4 dxc4 11.
bxc4 e5 12. d5 e4 13. Nxe4 Nxe4 14. dxc6 Nc5 15. Bc2 bxc6 16. Qd4 Ne6 17. Qg4 Qb6 18. Rab1 Qc5 19. Rfe1 h5 20. Rxe6 hxg4 21. Rxe8+ Bf8 22. Ne5 Bb7 23. Rxa8 Bxa8 24. Bc3 Qa3 25. Bb3 c5 26. Nxg4 Qa6 27. h3 Qg6 28. Re1 Bd6 29. Re8+ Kh7 30.
Rxa8 Qb1+ 31. Be1 Qxe1# 0-1

[Event "Late-Titled-Tuesday-Blitz-February-20-2024"]
[Site "Chess.com"]
[Date "2024.02.20"]
[Round "1"]
[White "Sanyura"]
[Black "Ready4abattle"]
[Result "1/2-1/2"]
[WhiteElo "2592"]
[BlackElo "2267"]
[TimeControl "180+1"]
[EndTime "14:06:00 PST"]
[Termination "Game drawn by repetition"]

1. Nf3 c5 2. g3 Nc6 3. Bg2 e5 4. d3 Nf6 5. O-O d6 6. e4 Be7 7.
Nbd2 O-O 8. Nh4 d5 9. exd5 Nxd5 10. Nhf3 Be6 11. Nc4 f6 12. c3 Rc8 13. Re1 Bf7 14. Qa4 a6 15. Qc2 b5 16. Ne3 Qd7 17. Nh4 Nxe3 18. Bxe3 Rfd8 19. Rad1 b4 20. Qe2 bxc3 21. bxc3 g6 22. Nf3 Be6 23. d4 cxd4 24. cxd4 e4 25.
d5 exf3 26. Bxf3 Nb4 27. dxe6 Qxe6 28. a3 Nc2 29. Rxd8+ Bxd8 30. Rc1 Nd4 31. Qd1 Rxc1 32. Bxc1 Nxf3+ 33. Qxf3 Qe1+ 34. Kg2 Qxc1 35. Qd5+ Kg7 36.
Qxd8 Qc6+ 37. f3 Qc2+ 38. Kh3 Qf5+ 39. Kg2 Qc2+ 40. Kh3 Qf5+ 41. Kg2 Qc2+ 1/2-1/2

[Event "Late-Titled-Tuesday-Blitz-February-20-2024"]
[Site "Chess.com"]
[Date "2024.02.20"]
[Round "1"]
[White "Charodej1"]
[Black "GM_RobertoMogranzini"]
[Result "0-1"]
[WhiteElo "2234"]
[BlackElo "2575"]
[TimeControl "180+1"]
[EndTime "14:06:00 PST"]
[Termination "GM_RobertoMogranzini won by resignation"]

1. e4 c5 2. Nf3 Nc6 3. d4 cxd4 4. Nxd4 Qb6 5. Nb3 Nf6 6. Nc3 e6 7. g3 h5 8. Be3 Qc7 9. h3 a6 10. Bg2 d6 11. O-O b5 12. f4 Bb7 13. Qe2 Be7 14.
Rad1 Rc8 15. Rfe1 O-O 16. Bf3 g6 17. a3 Rfe8 18. Qg2 Bf8 19. g4 hxg4 20. hxg4 Bg7 21. Kf2 b4 22. axb4 Nxb4 23. Rh1 Nxc2 24. g5 Nd7 25. Bd2 Qb6+ 26. Kg3 Qxb3 27. Qh3 Nd4 28. Qh7+ Kf8 0-1

[Event "Late-Titled-Tuesday-Blitz-February-20-2024"]
[Site "Chess.com"]
[Date "2024.02.20"]
[Round "1"]
[White "dretch"]
[Black "ExchangeAB"]
[Result "1-0"]
[WhiteElo "2902"]
[BlackElo "2463"]
[TimeControl "180+1"]
[EndTime "14:06:03 PST"]
[Termination "dretch won by resignation"]

1. d4 d5 2. c4 c6 3. Nc3 Nf6 4. e3 Bf5 5. Qb3 Qb6 6. Qxb6 axb6 7. cxd5 Nxd5 8. Nxd5 cxd5 9. Nf3 Nc6 10. Bb5 Bd7 11.
Bd2 e6 12. Ke2 Bd6 13. Rhc1 Ke7 14. a4 Rhc8 15. h4 f6 16. Bc3 Nb4 17. Bxd7 Kxd7 18. Bxb4 Bxb4 19. Rxc8 Rxc8 20. Kd3 Kd6 21. Rd1 e5 22. e4 Re8 23. dxe5+ fxe5 24. Kc2 d4 25. Kb3 Bc5 26. Ne1 Ke6 27. Nd3 Bd6 28. Kc4 Ra8 29. Kb5 Bc7 30. b4 Bd8 31. h5 h6 32. Rc1 Rb8 33. Rc4 Ra8 34. g3 Rb8 35. f4 exf4 36. gxf4 g5 37. hxg6 Kf6 38. f5 h5 39.
Rxd4 h4 40. Rd6+ Kg5 41. g7 Bf6 42. e5 Bxg7 43. Rg6+ Kxf5 44. Rxg7 Ke4 45. Nf2+ Kxe5 46. Rh7 Rf8 47. Ng4+ Kf4 48. Rxh4 Kg3 49. Ne5 Rf5 50. Re4 1-0

[Event "Late-Titled-Tuesday-Blitz-February-20-2024"]
[Site "Chess.com"]
[Date "2024.02.20"]
[Round "1"]
[White "davigator"]
[Black "MyDream003"]
[Result "0-1"]
[WhiteElo "2393"]
[BlackElo "2747"]
[TimeControl "180+1"]
[EndTime "14:06:03 PST"]
[Termination "MyDream003 won by checkmate"]

1. e4 c5 2. Nf3 d6 3. d4 cxd4 4. Nxd4 Nf6 5. Nc3 a6 6. Bg5 e6 7.
f4 Qc7 8. Qe2 Nbd7 9. O-O-O b5 10. a3 Rb8 11. g4 b4 12. axb4 Rxb4 13. Bg2 Bb7 14. Rhe1 Be7 15. f5 e5 16. Bxf6 Nxf6 17. Nb3 a5 18. g5 Nd7 19. h4 a4 20. Nd2 a3 21. Nb3 axb2+ 22. Kxb2 Nb6 23. f6 gxf6 24.
gxf6 Bxf6 25. Qf2 Be7 26. Rd3 Bc8 27. Bh3 Be6 28. Bxe6 fxe6 29. Qf3 Kd7 30. Qf7 Ra8 31. Rg1 Na4+ 32. Nxa4 Rbxa4 33. Rg7 Ra2+ 34. Kb1 Qxc2# 0-1

[Event "Late-Titled-Tuesday-Blitz-February-20-2024"]
[Site "Chess.com"]
[Date "2024.02.20"]
[Round "1"]
[White "HalfIsCrayfish"]
[Black "morte-negra"]
[Result "1-0"]
[WhiteElo "2532"]
[BlackElo "2012"]
[TimeControl "180+1"]
[EndTime "14:06:03 PST"]
[Termination "HalfIsCrayfish won by resignation"]

1. c4 Nf6 2. Nc3 g6 3. e4 d6 4.
g3 Bg7 5. Bg2 O-O 6. Nge2 Nc6 7. O-O a5 8. d3 e5 9. h3 h6 10. f4 Nh7 11. f5 b6 12. Be3 Nd4 13. Nd5 c6 14. f6 Nxf6 15. Nxf6+ Bxf6 16. Bxh6 Re8 17. Nxd4 exd4 18. Qf3 Re6 19. h4 Kh7 20. Bh3 Re7 21. Qxf6 Kxh6 22. Bxc8 Rxc8 23. h5 Qd7 24. hxg6 fxg6 25. Rf4 Re5 26. Rh4+ 1-0

[Event "Late-Titled-Tuesday-Blitz-February-20-2024"]
[Site "Chess.com"]
[Date "2024.02.20"]
[Round "1"]
[White "ProphetReborn"]
[Black "Grindaveci"]
[Result "1-0"]
[WhiteElo "2846"]
[BlackElo "2443"]
[TimeControl "180+1"]
[EndTime "14:06:04 PST"]
[Termination "ProphetReborn won by resignation"]

1. c4 e5 2. Nc3 Nf6 3. Nf3 Nc6 4. a3 d5 5. cxd5 Nxd5 6. Qc2 Be7 7. e3 Be6 8. Bb5 O-O 9. Bxc6 bxc6 10. Nxe5 Bf6 11. Nxc6 Qd7 12. Ne4 Rfe8 13. d3 Bf5 14. Nxf6+ Nxf6 15.
Ke2 a5 16. Qc4 Bxd3+ 17. Qxd3 Qxc6 18. f3 Rad8 19. Qc3 Qxc3 20. bxc3 Nd5 21. Bd2 Nb6 22.
Rad1 Nc4 23. Bc1 Rb8 24. Rd4 Nd6 25. a4 Rb1 26. Rhd1 Reb8 27. Ba3 Rxd1 28. Rxd1 Nc4 29. Bc1 h5 30. Rd4 Nb2 31. Bxb2 Rxb2+ 32. Rd2 Rb1 33. Rd5 Rb2+ 34. Kf1 Rc2 35. Rxa5 Rxc3 36. e4 Rc2 37. Rxh5 Ra2 38. a5 Kf8 39. Rc5 g6 40. Rxc7 Rxa5 41. Kf2 Kg7 42. Kg3 Kf6 43. h4 Ra3 44. Rc6+ Ke5 45. Rc5+ Kf6 46. Kf4 Ra6 47. g4 Rb6 48. h5 gxh5 49. Rxh5 Kg6 50. Rg5+ Kf6 51.
Rc5 Rd6 52. e5+ 1-0

[Event "Late-Titled-Tuesday-Blitz-February-20-2024"]
[Site "Chess.com"]
[Date "2024.02.20"]
[Round "1"]
[White "NCchamp"]
[Black "Zavgorodniy_Sergiy"]
[Result "0-1"]
[WhiteElo "2313"]
[BlackElo "2618"]
[TimeControl "180+1"]
[EndTime "14:06:04 PST"]
[Termination "Zavgorodniy_Sergiy won on time"]

1. d4 Nf6 2. Bg5 d5 3. Bxf6 exf6 4. e3 c6 5. Nf3 Bd6 6. c4 dxc4 7. Bxc4 O-O 8. Nc3 Nd7 9. O-O Nb6 10. Bb3 Be6 11. Ne4 Be7 12. Rc1 h6 13. Nc5 Bc8 14. Nh4 Nd7 15. Nf5 Nxc5 16. Nxe7+ Qxe7 17. Rxc5 Be6 18. Qc2 Rad8 19. Rc1 a6 20. a4 Rd7 21. a5 Rfd8 22.
Bxe6 fxe6 23. Qb3 Qf7 24. h3 Kf8 25. R1c4 Rd5 26. Rb4 Rxc5 27. dxc5 Rd7 28. Re4 e5 29. Qxf7+ Kxf7 30. Rc4 Rd1+ 31. Kh2 Rd2 32. Rb4 Rd7 33. Kg3 Ke6 34. e4 h5 35. f3 g6 36. h4 Ke7 37. Kh3 Kd8 38. Kg3 Kc7 39. Rc4 Rd2 40.
b4 Kd7 41. Rc3 Ke6 42. Rb3 f5 43. exf5+ gxf5 44. Kh3 Kd5 0-1

[Event "Late-Titled-Tuesday-Blitz-February-20-2024"]
[Site "Chess.com"]
[Date "2024.02.20"]
[Round "1"]
[White "giovannibrandao7"]
[Black "xakevicius91"]
[Result "0-1"]
[WhiteElo "2240"]
[BlackElo "2594"]
[TimeControl "180+1"]
[EndTime "14:06:08 PST"]
[Termination "xakevicius91 won by resignation"]

1. e4 c5 2. Nf3 a6 3. b3 Nc6 4. Bb2 d5 5. exd5 Qxd5 6. Bc4 Qd8 7. O-O Nf6 8. Re1 b5 9. Bf1 Bg4 10. d3 e6 11. Nbd2 Be7 12. h3 Bh5 13. Be2 O-O 14. Ne5 Bxe2 15. Qxe2 Nd4 16. Qd1 Rc8 17. c3 Nc6 18. Ndf3 Nd5 19. Nxc6 Rxc6 20. Ne5 Rc8 21. Qf3 Bf6 22. Rac1 Bxe5 23. Rxe5 c4 24. d4 Qf6 25. Qxf6 gxf6 26. Ree1 Nf4 27. Rcd1 f5 28. b4 Rfd8 29. Bc1 Nd5 30. Bd2 a5 31. a3 Ra8 32. Ra1 Ra6 33. Kf1 Rda8 34. bxa5 Rxa5 0-1

[Event "Late-Titled-Tuesday-Blitz-February-20-2024"]
[Site "Chess.com"]
[Date "2024.02.20"]
[Round "1"]
[White "BillCoe"]
[Black "VinzentSpitzl"]
[Result "0-1"]
[WhiteElo "2139"]
[BlackElo "2545"]
[TimeControl "180+1"]
[EndTime "14:06:11 PST"]
[Termination "VinzentSpitzl won by resignation"]

1. e4 c5 2. Nf3 d6 3. d4 cxd4 4. Nxd4 Nf6 5. Nc3 a6 6. h3 e5 7. Nde2 h5 8. g3 Be6 9. Bg2 Be7 10. Be3 Nbd7 11. O-O O-O 12. Nd5 Bxd5 13. exd5 Rc8 14.
b3 Qc7 15. c4 b5 16. Rc1 Qa5 17. Qd2 Qxd2 18. Bxd2 bxc4 19. bxc4 Nb6 20. Rfd1 Nxc4 21. Bb4 Nb2 22. Rxc8 Rxc8 23. Rd2 Na4 24. f4 Nd7 25. fxe5 Nxe5 26. Nd4 Rc1+ 27. Kh2 Nc4 28. Re2 Bf6 29.
Nf5 Be5 30. Rxe5 dxe5 31. d6 Nab6 32. Bc6 Rd1 33. Ne7+ Kh7 34. Be4+ g6 35. Bc5 Nxd6 36. Bxg6+ fxg6 37. Bxb6 Rd2+ 0-1

[Event "Late-Titled-Tuesday-Blitz-February-20-2024"]
[Site "Chess.com"]
[Date "2024.02.20"]
[Round "1"]
[White "Sargsyan_Shant"]
[Black "Muracle"]
[Result "1-0"]
[WhiteElo "2907"]
[BlackElo "2468"]
[TimeControl "180+1"]
[EndTime "14:06:12 PST"]
[Termination "Sargsyan_Shant won on time"]

1. c4 c6 2. Nf3 d5 3. e3 Nf6 4. Nc3 g6 5. d4 Bg7 6. Be2 O-O 7. O-O Ne4 8. Qb3 Nxc3 9. bxc3 dxc4 10. Bxc4 b5 11.
Be2 Be6 12. Qb1 Nd7 13. a4 a6 14. Rd1 Nb6 15. a5 Nc4 16. Ng5 Bd7 17. Bxc4 bxc4 18. Qa2 e5 19. Nf3 exd4 20. cxd4 Be6 21. Ba3 Re8 22.
Bc5 Qd5 23. Rac1 Rab8 24. Bb6 Rec8 25. Qe2 Rb7 26. Nd2 Qg5 27. Nxc4 Re7 28. Nd6 Bd5 29. e4 Rf8 30. f3 f5 31. e5 Bh6 32.
Rc3 f4 33. Ne4 Qf5 34. Bc5 Rfe8 35. Bxe7 Rxe7 36. Re1 g5 37. Nf6+ Kf7 38. Nxd5 cxd5 39. Qc2 Kg6 40. Rc6+ 1-0

[Event "Late-Titled-Tuesday-Blitz-February-20-2024"]
[Site "Chess.com"]
[Date "2024.02.20"]
[Round "1"]
[White "Godzillator"]
[Black "SaqoChess_Twitch"]
[Result "0-1"]
[WhiteElo "2325"]
[BlackElo "2629"]
[TimeControl "180+1"]
[EndTime "14:06:14 PST"]
[Termination "SaqoChess_Twitch won by resignation"]

1. Nf3 d5 2. d4 e6 3. b3 Nf6 4.
Bb2 Be7 5. e3 O-O 6. Bd3 b6 7.
O-O Bb7 8. Ne5 Nbd7 9. c4 Ne4 10. Nxd7 Qxd7 11. cxd5 exd5 12. Nd2 f5 13. Nf3 Bd6 14.
g3 Qe7 15. Rc1 a5 16. Qc2 Rf6 17. Ne5 Rh6 18. f3 Qg5 19. fxe4 fxe4 20. Bb5 Qxe3+ 21.
Qf2 Qxf2+ 22. Rxf2 Rf6 23. Rxf6 gxf6 24. Bc6 Bxc6 25.
Nxc6 Kf7 26. Rf1 Ke6 27. Bc1 Kd7 28. Rxf6 Kxc6 29. Ba3 a4 30. Bxd6 cxd6 31. Rh6 axb3 32. axb3 Ra3 33. Rxh7 Rxb3 34. Rh8 Rd3 35. g4 Rxd4 36.
g5 e3 37. Kf1 Rg4 38. h4 d4 39.
Ke2 Kd5 40. Rh6 Rg2+ 41. Kf3 Rf2+ 42. Kg3 d3 43. g6 Rf1 44. Kg2 e2 45. g7 Rg1+ 46.
Kxg1 e1=Q+ 47. Kg2 Qe4+ 48. Kg3 Qe5+ 49. Kh3 Qxg7 50.
Rh5+ Kc4 51. Rg5 Qc3 52. Rg4+ Kc5 53. Rg5+ d5 54. Rg3 Qc2 0-1

[Event "Late-Titled-Tuesday-Blitz-February-20-2024"]
[Site "Chess.com"]
[Date "2024.02.20"]
[Round "1"]
[White "Pawngobblerx2000"]
[Black "Zhigalko_Sergei"]
[Result "0-1"]
[WhiteElo "2472"]
[BlackElo "2942"]
[TimeControl "180+1"]
[EndTime "14:06:15 PST"]
[Termination "Zhigalko_Sergei won by checkmate"]

1. c4 e5 2. g3 Nf6 3. Bg2 c6 4. Nf3 d6 5. O-O Be7 6. Nc3 O-O 7. e4 Bg4 8. h3 Bxf3 9. Bxf3 a5 10. d4 exd4 11. Qxd4 Nbd7 12. Bg2 Re8 13. Bf4 Qb6 14.
Qxb6 Nxb6 15. b3 Nbd7 16. Rad1 Nc5 17. Be3 Ne6 18. f4 h6 19. Bf2 Red8 20. Na4 Nd7 21. Rd2 Ndc5 22. Nxc5 dxc5 23. Rfd1 Rxd2 24. Rxd2 Nd4 25. Kf1 Rd8 26. e5 Kf8 27. Be4 Ke8 28. g4 Ra8 29. Bxd4 cxd4 30. Rxd4 Bc5 31. Rd3 a4 32. f5 axb3 33. axb3 Ke7 34. Kg2 Ra1 35. Kg3 Re1 36. Kf3 Rh1 37. Kf4 Re1 38. Bf3 Ba3 39.
f6+ gxf6 40. exf6+ Kxf6 41. Rd7 Ke6 42. Rxb7 Bd6# 0-1

[Event "Late-Titled-Tuesday-Blitz-February-20-2024"]
[Site "Chess.com"]
[Date "2024.02.20"]
[Round "1"]
[White "a-z30"]
[Black "DreamsAreFake"]
[Result "0-1"]
[WhiteElo "2408"]
[BlackElo "2768"]
[TimeControl "180+1"]
[EndTime "14:06:16 PST"]
[Termination "DreamsAreFake won on time"]

1. d3 Nf6 2. Nf3 b6 3. g3 Bb7 4. Bg2 g6 5. O-O Bg7 6. c4 O-O 7. Nc3 c5 8. Qd2 d5 9. Ne5 Nc6 10. Nxc6 Bxc6 11. cxd5 Nxd5 12. Nxd5 Bxd5 13. Bxd5 Qxd5 14.
a3 Rfd8 15. Qc2 Rac8 16. Be3 h5 17. h4 c4 18. dxc4 Qxc4 19. Qxc4 Rxc4 20. Rad1 Rxd1 21. Rxd1 Bxb2 22. Rd7 Ra4 23. Rxe7 Rxa3 24. Rb7 Kg7 25. Kg2 Be5 26. Bg5 Bd4 27. e3 Bc5 28. Bf4 Kf6 29.
Bg5+ Ke6 30. Rb8 a5 31. Re8+ Kd5 32. Rd8+ Kc4 33. Rd7 a4 34. Rxf7 b5 35. Rg7 b4 36.
Rxg6 b3 37. Bf6 Ra2 38. Rg5 b2 39. Bxb2 Rxb2 40. Rxh5 a3 41. Rh8 Bxe3 42. Ra8 Rxf2+ 43. Kh3 Bc5 44. h5 Rf1 45. g4 Kb3 46. g5 a2 47.
g6 a1=Q 48. Rxa1 Rxa1 49. Kg4 Bf8 50. Kg5 Rh1 0-1

[Event "Late-Titled-Tuesday-Blitz-February-20-2024"]
[Site "Chess.com"]
[Date "2024.02.20"]
[Round "1"]
[White "OverallStranger"]
[Black "nindjaxx8"]
[Result "0-1"]
[WhiteElo "2339"]
[BlackElo "2640"]
[TimeControl "180+1"]
[EndTime "14:06:17 PST"]
[Termination "nindjaxx8 won by resignation"]

1. d4 d5 2. Nf3 Nf6 3. g3 e6 4. Bg2 Be7 5. O-O O-O 6. c4 b6 7.
Nc3 Bb7 8. cxd5 Nxd5 9. Bd2 Nd7 10. Re1 Nxc3 11. Bxc3 Nf6 12. Qc2 Qc8 13. e4 Rd8 14. Rad1 h6 15. Ne5 c5 16. dxc5 Qxc5 17. Qb3 Rxd1 18.
Rxd1 Bxe4 19. Nd7 Qc6 20. Nxf6+ Bxf6 21. Bxe4 Qxe4 22. Bxf6 gxf6 23. Qc3 Kg7 24. Rd4 Qf5 25. Rf4 Qe5 26. Rg4+ Kh7 27. Qd3+ f5 28. Rc4 Qxb2 29. Rc7 Kg7 30. Qd7 Qf6 31. Rxa7 Rd8 32. Qb5 f4 33. Ra4 f3 34. Rg4+ Kh7 35. Qb1+ Qf5 36. Rb4 Kg8 37. h4 Qh3 38. Qf1 Rd1 0-1

[Event "Late-Titled-Tuesday-Blitz-February-20-2024"]
[Site "Chess.com"]
[Date "2024.02.20"]
[Round "1"]
[White "tusplingher"]
[Black "Zkid"]
[Result "0-1"]
[WhiteElo "2469"]
[BlackElo "2912"]
[TimeControl "180+1"]
[EndTime "14:06:18 PST"]
[Termination "Zkid won by resignation"]

1. e4 c5 2. Nf3 d6 3. Bb5+ Bd7 4. Bxd7+ Nxd7 5. O-O Ngf6 6. Re1 e6 7. c3 Be7 8. d4 O-O 9. Nbd2 cxd4 10. cxd4 d5 11. e5 Ne8 12. Nb3 Rc8 13. Bd2 Nb8 14. Rc1 Nc6 15. h3 Nc7 16. Bc3 Nb5 17. Qd3 Qb6 18. Bd2 Nb4 19. Qb1 Rc4 20. a4 Nc7 21. Bc3 Nc6 22. Qa2 Qa6 23. Ra1 b5 24. axb5 Qxa2 25. Rxa2 Nxb5 26. Rc1 Nb4 27. Ra5 Rb8 28. Nfd2 Rcc8 29. Nf1 Nd3 30. Rd1 Nxc3 31. bxc3 Nb2 32.
Rb1 Rxb3 33. Rxa7 Bf8 34. Nd2 Rbb8 35. Ra3 Bxa3 0-1

[Event "Late-Titled-Tuesday-Blitz-February-20-2024"]
[Site "Chess.com"]
[Date "2024.02.20"]
[Round "1"]
[White "chegueps"]
[Black "Balla_Tamas"]
[Result "0-1"]
[WhiteElo "2655"]
[BlackElo "2375"]
[TimeControl "180+1"]
[EndTime "14:06:21 PST"]
[Termination "Balla_Tamas won by checkmate"]

1. d4 d5 2. Nf3 Nf6 3. Bg5 e6 4. Nbd2 Be7 5. Bxf6 Bxf6 6. e4 dxe4 7. Nxe4 O-O 8. c3 b6 9. Bd3 Bb7 10. Qe2 Nd7 11.
O-O-O Qe7 12. h4 c5 13. Nfg5 cxd4 14. Nxh7 dxc3 15. Bc2 cxb2+ 16. Kb1 Bxe4 17. Qxe4 Rfd8 18. Rxd7 Qxd7 19. Ng5 Rac8 20. Nf3 Rc5 21. h5 Rdc8 22.
Ne1 Qd1+ 23. Bxd1 Rc1# 0-1

[Event "Late-Titled-Tuesday-Blitz-February-20-2024"]
[Site "Chess.com"]
[Date "2024.02.20"]
[Round "1"]
[White "BabageldiAnnaberdiyev"]
[Black "NowInChess"]
[Result "1-0"]
[WhiteElo "2616"]
[BlackElo "2303"]
[TimeControl "180+1"]
[EndTime "14:06:21 PST"]
[Termination "BabageldiAnnaberdiyev won by checkmate"]

1. e4 e6 2. d4 d5 3. e5 c5 4.
c3 Nc6 5. Nf3 Qb6 6. a3 f6 7.
exf6 Nxf6 8. Bd3 Bd6 9. O-O O-O 10. b4 cxd4 11. cxd4 Bd7 12. Nc3 e5 13. Na4 Qc7 14.
b5 Nxd4 15. Nxd4 exd4 16. h3 Ne4 17. Bb2 Bh2+ 18. Kh1 Nxf2+ 19. Rxf2 Rxf2 20. Bxd4 Rf7 21. Qh5 h6 22. Qg6 Be5 23. Qh7+ Kf8 24. Re1 Re8 25.
Bc5+ Rfe7 26. Bg6 Be6 27. Rf1+ Bf6 28. Qh8+ Bg8 29. Rxf6+ gxf6 30. Qxf6+ Bf7 31. Qxf7# 1-0